AoeStats
← Th3 Sh00ter

Black Forest

503290842Analyzed
4v4 RM · 1mo ago on Aug 31, 2026· 103m 52s· 8 players
Game mode
Random Map
Map size
Large (8 player)
Population
200
Speed
Normal
Resources
Standard
Victory
Conquest
Starting age
Dark Age
Ending age
Imperial Age
RankedLock teamsTeams togetherTeam positionsShared explorationLock speedFull tech treeHidden civsTurbo modeCheats
Victory
Defeat
🇺🇸 Khmer · United States
1134
+13
🇺🇸 Aztecs · United States
1071
+16
🇺🇸 Mongols · United States
1068
+16
🇺🇸 Persians · United States
1033
+18
🇦🇷 Hindustanis · Argentina
1096
-17
🇺🇸 Huns · United States
1083
-16
🇵🇪 Bohemians · Peru
1054
-15
🇺🇸 Ethiopians · United States
1043
-14
Storme
1:17 Loom
12:52 Feudal Age
15:37 Castle Age
14:40 Double-Bit Axe
14:42 Horse Collar
21:55 Bow Saw
24:13 Heavy Plow
24:50 Gold Mining
32:21 Imperial Age
30:32 Wheelbarrow
30:47 Scale Barding Armor
31:01 Forging
30:20 Light Cavalry
32:15 Bloodlines
32:30 Chain Barding Armor
32:47 Iron Casting
32:29 Fortified Wall
32:40 Ballistics
32:19 Murder Holes
32:29 Hussar
34:19 Chemistry
34:13 Plate Barding Armor
34:05 Double Crossbow
34:36 Conscription
35:21 Siege Engineers
36:12 Husbandry
36:33 Tusk Swords
38:00 Blast Furnace
36:53 Fletching
42:05 Heavy Scorpion
42:44 Elite Ballista Elephant
45:13 Onager
47:46 Caravan
49:06 Bodkin Arrow
71:12 Hand Cart
77:46 Coinage
79:43 Pikeman
82:04 Halberdier
83:45 Banking
84:26 Scale Mail Armor
85:04 Arson
85:42 Chain Mail Armor
89:27 Bracer
95:13 Padded Archer Armor
98:44 Capped Ram
100:45 Siege Ram
raleighhokie
0:59 Loom
16:02 Feudal Age
17:35 Horse Collar
18:50 Double-Bit Axe
24:36 Wheelbarrow
27:11 Castle Age
30:29 Castle Age
29:14 Forging
29:06 Scale Mail Armor
30:30 Eagle Warrior
31:40 Chain Mail Armor
32:00 Iron Casting
35:50 Bow Saw
37:06 Hand Cart
40:01 Heavy Plow
42:51 Imperial Age
40:48 Gold Mining
41:41 Squires
43:15 Elite Eagle Warrior
44:27 Plate Mail Armor
44:58 Blast Furnace
44:32 Conscription
44:31 Town Watch
45:57 Garland Wars
47:46 Arson
48:16 Caravan
50:14 Elite Jaguar Warrior
57:34 Town Patrol
59:22 Atlatl
59:25 Fletching
59:35 Padded Archer Armor
60:38 Elite Skirmisher
61:44 Bodkin Arrow
62:04 Leather Archer Armor
62:56 Bracer
67:09 Ballistics
67:51 Chemistry
77:42 Crop Rotation
78:11 Crossbowman
86:16 Onager
87:21 Capped Ram
89:53 Siege Ram
Chiman00
1:21 Loom
11:58 Feudal Age
15:39 Castle Age
17:33 Double-Bit Axe
17:35 Horse Collar
19:32 Wheelbarrow
22:27 Bow Saw
22:21 Heavy Plow
30:25 Imperial Age
29:30 Hand Cart
29:00 Town Watch
31:07 Ballistics
32:39 Chemistry
32:03 Conscription
32:03 Bloodlines
31:18 Elite Mangudai
32:27 Husbandry
33:38 Fletching
33:48 Padded Archer Armor
33:16 Light Cavalry
34:40 Thumb Ring
35:24 Siege Engineers
35:18 Bodkin Arrow
35:38 Leather Archer Armor
35:21 Hussar
36:37 Bracer
36:43 Scale Barding Armor
36:49 Forging
49:29 Caravan
55:00 Chain Barding Armor
55:16 Iron Casting
67:21 Blast Furnace
75:16 Nomads
Th3 Sh00ter
10:43 Feudal Age
9:04 Loom
17:11 Castle Age
15:32 Double-Bit Axe
15:36 Horse Collar
18:19 Heavy Plow
18:31 Bow Saw
19:45 Scale Barding Armor
21:14 Chain Barding Armor
22:39 Bloodlines
24:31 Husbandry
29:25 Wheelbarrow
34:46 Hand Cart
35:05 Forging
37:28 Imperial Age
34:44 Town Watch
37:13 Cavalier
41:22 Two-Man Saw
41:12 Crop Rotation
42:28 Conscription
42:00 Light Cavalry
43:43 Plate Barding Armor
43:45 Savar
45:48 Iron Casting
47:29 Blast Furnace
47:00 Hussar
49:12 Kamandaran
49:38 Ballistics
49:20 Murder Holes
50:32 Chemistry
56:19 Thumb Ring
55:35 Crossbowman
71:03 Town Patrol
91:26 Caravan
100:47 Fletching
100:58 Padded Archer Armor
104:10 Coinage
103:51 Guilds
xunil
1:24 Loom
15:52 Feudal Age
21:14 Castle Age
21:23 Double-Bit Axe
21:33 Gold Mining
22:58 Forging
22:30 Pikeman
31:01 Squires
36:40 Iron Casting
36:06 Scale Mail Armor
38:56 Arson
40:24 Chain Mail Armor
39:32 Man-at-Arms
40:28 Horse Collar
41:01 Bow Saw
40:15 Long Swordsman
44:03 Imperial Age
42:15 Wheelbarrow
43:28 Heavy Plow
45:21 Two-Handed Swordsman
47:05 Blast Furnace
47:44 Hand Cart
47:10 Halberdier
48:36 Conscription
49:35 Chemistry
56:56 Stone Mining
67:54 Scale Barding Armor
73:01 Fletching
73:12 Padded Archer Armor
73:33 Chain Barding Armor
Apostate of Hate
5:13 Loom
11:01 Feudal Age
15:32 Castle Age
13:43 Double-Bit Axe
14:39 Fletching
14:41 Horse Collar
15:37 Crossbowman
20:10 Padded Archer Armor
29:53 Forging
30:48 Scale Mail Armor
31:23 Squires
34:39 Bow Saw
36:11 Town Watch
37:39 Thumb Ring
37:50 Bodkin Arrow
41:03 Stone Mining
41:07 Gold Mining
42:02 Ballistics
44:24 Imperial Age
43:02 Wheelbarrow
42:51 Leather Archer Armor
44:20 Hand Cart
45:13 Bracer
44:43 Arbalester
46:36 Chemistry
46:31 Halberdier
48:49 Gold Shaft Mining
50:04 Iron Casting
50:00 Ring Archer Armor
50:28 Onager
58:07 Caravan
59:18 Conscription
62:04 Murder Holes
61:57 Capped Ram
62:42 Arson
66:11 Elite Skirmisher
68:39 Siege Ram
72:06 Chain Mail Armor
73:32 Plate Mail Armor
76:07 Two-Man Saw
76:13 Town Patrol
78:18 Siege Onager
86:10 Guilds
86:02 Heavy Plow
93:01 Blast Furnace
100:16 Siege Engineers
Jc
10:27 Loom
12:36 Feudal Age
13:49 Double-Bit Axe
13:59 Horse Collar
16:41 Castle Age
14:59 Horse Collar
16:32 Wheelbarrow
19:04 Fervor
19:53 Bow Saw
21:27 Loom
23:43 Town Watch
24:24 Heavy Plow
25:45 Hand Cart
26:43 Pikeman
27:23 Squires
27:09 Arson
28:17 Sanctity
31:12 Imperial Age
30:43 Chemistry
31:10 Padded Archer Armor
31:02 Fletching
33:06 Two-Man Saw
32:29 Elite Skirmisher
33:32 Leather Archer Armor
33:13 Bodkin Arrow
33:20 Scale Mail Armor
33:30 Forging
36:17 Ring Archer Armor
35:54 Bracer
36:10 Chain Mail Armor
35:17 Halberdier
36:51 Conscription
36:39 Wagenburg Tactics
37:21 Iron Casting
40:24 Plate Mail Armor
43:23 Houfnice
43:23 Onager
43:29 Onager
47:29 Town Patrol
49:26 Murder Holes
49:38 Siege Engineers
49:43 Fortified Wall
49:13 Treadmill Crane
59:14 Ballistics
59:04 Masonry
59:13 Guilds
94:28 Blast Furnace
stDifious
0:36 Loom
11:29 Feudal Age
15:18 Castle Age
13:21 Double-Bit Axe
14:59 Horse Collar
17:25 Bow Saw
21:51 Heavy Plow
22:27 Gold Mining
28:20 Imperial Age
26:48 Padded Archer Armor
29:15 Wheelbarrow
28:26 Town Watch
29:00 Leather Archer Armor
29:43 Ballistics
30:29 Chemistry
29:35 Siege Engineers
32:10 Gold Shaft Mining
32:20 Forging
33:15 Ring Archer Armor
33:05 Squires
34:46 Stone Mining
35:47 Town Patrol
36:03 Hand Cart
37:35 Conscription
37:18 Grand Trunk Road
37:39 Scale Mail Armor
38:14 Iron Casting
38:00 Block Printing
37:56 Redemption
38:14 Elite Ghulam
39:15 Chain Mail Armor
38:22 Pikeman
47:20 Blast Furnace
63:01 Caravan
Connection lost

Rejoining the realm…

Still unreachable

The connection could not be restored.

Session expired

The server has moved on; the page needs a fresh start.